 Dungeon Crawl Stone Soup version 0.30-a0-371-gad7725a93e (webtiles) character file.

Game seed: 12567488963750955769

1224 arthad the Chiller (level 8, -2/61 HPs)
             Began as a Gnoll Wanderer on Nov 20, 2022.
             Was an Initiate of Vehumet.
             Slain by an ice beast (10 damage)
             ... on level 6 of the Dungeon.
             The game lasted 00:24:41 (6452 turns).

arthad the Chiller (Gnoll Wanderer)                 Turns: 6452, Time: 00:24:42

Health: -2/61      AC:  3    Str:  9    XL:     8   Next: 47%
Magic:  15/17      EV: 13    Int: 17    God:    Vehumet [......]
Gold:   353        SH:  0    Dex: 11    Spells: 6/19 levels left

rFire   + . .      SeeInvis .    b - +0 whip (flame)
rCold   . . .      Faith    .    (no shield)
rNeg    . . .      Spirit   .    c - +0 robe
rPois   .          Reflect  .    o - +0 hat
rElec   .          Harm     .    (no cloak)
rCorr   +          Rampage  .    (no gloves)
Will    .....                    d - +0 pair of boots
Stlth   ++........               (no amulet)
HPRegen 0.30/turn                n - ring of resist corrosion
MPRegen 0.15/turn                D - ring of protection from fire

@: no status effects
A: fangs 1, strong nose, distributed training
a: Renounce Religion


You were on level 6 of the Dungeon.
You worshipped Vehumet.
Vehumet was noncommittal.
You visited 2 branches of the dungeon, and saw 7 of its levels.
You also visited: Sewer.

You collected 353 gold pieces.

Inventory:

Hand Weapons
 a - a +0 club
 b - a +0 whip of flaming (weapon)
 k - a +1 mace of protection
Missiles
 C - 7 poisoned darts
 E - 5 curare-tipped darts
 G - 2 silver javelins
Armour
 c - a +0 robe (worn)
 d - a +0 pair of boots (worn)
 l - a +0 buckler
 o - a +0 hat (worn)
 F - a +0 robe of cold resistance
Magical Staves
 g - a staff of conjuration
Jewellery
 n - a ring of resist corrosion (left hand)
 D - a ring of protection from fire (right hand)
Scrolls
 e - 2 scrolls of butterflies {unknown}
 f - 3 scrolls of identify
 h - 2 scrolls of amnesia
 i - a scroll of vulnerability {unknown}
 j - a scroll of immolation
 m - a scroll of silence
 p - a scroll of noise
 q - 3 scrolls of fear {unknown}
 u - 2 scrolls of teleportation
 y - a scroll of magic mapping
 A - a scroll of blinking {unknown}
Potions
 r - a potion of attraction {unknown}
 s - a potion of might {unknown}
 t - 3 potions of flight
 v - a potion of curing
 w - 2 potions of lignification {unknown}
 x - 2 potions of ambrosia {unknown}
 z - a potion of heal wounds {unknown}
 B - a potion of invisibility {unknown}


   Skills:
 + Level 4.3 Fighting
 + Level 3.4 Short Blades
 + Level 3.4 Long Blades
 + Level 3.4 Axes
 + Level 3.4 Maces & Flails
 + Level 3.4 Polearms
 + Level 3.4 Staves
 + Level 3.4 Ranged Weapons
 + Level 4.3 Throwing
 + Level 3.4 Armour
 + Level 5.8 Dodging
 + Level 3.4 Stealth
 + Level 3.4 Shields
 + Level 3.4 Unarmed Combat
 + Level 6.1 Spellcasting
 + Level 2.8 Conjurations
 + Level 2.8 Hexes
 + Level 2.8 Summonings
 + Level 2.8 Necromancy
 + Level 2.8 Translocations
 + Level 2.8 Transmutations
 + Level 2.8 Fire Magic
 + Level 6.2 Ice Magic
 + Level 2.8 Air Magic
 + Level 2.8 Earth Magic
 + Level 2.8 Poison Magic
 + Level 3.8 Invocations
 + Level 3.4 Evocations


You had 6 spell levels left.
You knew the following spells:

 Your Spells              Type           Power      Damage    Failure   Level
a - Freeze                Ice            100%       1d10      1%          1
b - Slow                  Hex            56%        N/A       4%          1
c - Summon Small Mammal   Summ           56%        N/A       4%          1
d - Ozocubu's Armour      Ice            26%        N/A       3%          3
e - Hailstorm             Conj/Ice       20%        3d6       6%          3
f - Vhi's Electric Charg  Tloc/Air       28%        N/A       12%         3
g - Shock                 Conj/Air       56%        1d6       4%          1

Your spell library contained the following spells:

 Spells                   Type           Power      Damage    Failure   Level
 Kiss of Death            Conj/Necr      56%        2d9       4%          1
 Sublimation of Blood     Necr           14%        N/A       6%          2
 Wereblood                Tmut           14%        N/A       6%          2
 Confusing Touch          Hex            14%        N/A       12%         3
 Swiftness                Air            14%        N/A       12%         3
 Airstrike                Air            7%         2d(1-17)  36%         4
 Dispel Undead            Necr           14%        3d10      36%         4
 Manifold Assault         Tloc           14%        N/A       36%         4
 Dispersal                Tloc           7%         N/A       99%         6
 Summon Hydra             Summ           7%         N/A       100%        7
 Disjunction              Tloc           7%         N/A       100%        8


Dungeon Overview and Level Annotations

Branches:
Dungeon (6/15)             Temple (1/1) D:4           Sewer (visited)

Altars:
Ashenzari
Cheibriados
Elyvilon
Fedhas
Gozag
Hepliaklqana
Kikubaaqudgha
Makhleb
Nemelex Xobeh
Qazlal
Ru
Sif Muna
Trog
Uskayaw
Vehumet
Wu Jian
Xom
Zin
The Shining One


Innate Abilities, Weirdness & Mutations

You have very sharp teeth.
Your uncanny sense of smell can sniff out nearby items.
Your experience applies equally to all skills.


Message History

Aim: an ice beast (heavily wounded, about 37% to evade your staff of conjuration)
You hit the ice beast but do no damage. Your bite misses the ice beast.
The ice beast is heavily wounded.
The ice beast hits you. The ice beast freezes you!
Your +0 whip of flaming bursts into flame!
b - a +0 whip of flaming (weapon)
You hit the ice beast.
You melt the ice beast.
The ice beast is heavily wounded.
The ice beast barely misses you.
You hit the ice beast but do no damage.
The ice beast is heavily wounded.
The ice beast hits you but does no damage.
You barely miss the ice beast.
The ice beast is heavily wounded.
The ice beast hits you. The ice beast freezes you!
* * * LOW HITPOINT WARNING * * *
You closely miss the ice beast. Your punch misses the ice beast.
You bite the ice beast.
The ice beast is heavily wounded.
The ice beast closely misses you.
You closely miss the ice beast.
The ice beast is heavily wounded.
The ice beast hits you.
* * * LOW HITPOINT WARNING * * *
The ice beast freezes you!
* * * LOW HITPOINT WARNING * * *
It was a potion of curing.
You feel better. The ice beast misses you.
You feel better. The ice beast hits you.
* * * LOW HITPOINT WARNING * * *
The ice beast freezes you.
* * * LOW HITPOINT WARNING * * *
You closely miss the ice beast.
The ice beast is heavily wounded.
The ice beast misses you.
You hit the ice beast.
You melt the ice beast.
The ice beast is severely wounded.
The ice beast hits you.
* * * LOW HITPOINT WARNING * * *
The ice beast freezes you!
You die...

...
........###
####
#####.##...#
#.####.# #.#
#..# #.# #.##
#.# #.# # #
#.###.##.#...#
#.....@Y...#
####.###.#...#
#. # # .. ###


You could see an ice beast.

Vanquished Creatures
  Pikel (D:5)
  A black bear (D:5)
  A lemure (D:5)
  A scorpion (D:5)
  3 crimson imps (D:3)
  2 jellies
  3 hounds
  An orc wizard (D:5)
  A merfolk siren (Sewer)
  A merfolk avatar (Sewer)
  13 adders
  4 river rats
  4 worms
  A dart slug (D:4)
  8 orcs
  4 bats
  7 endoplasms
  8 giant cockroaches
  7 goblins
  10 hobgoblins
  9 jackals (D:4)
  6 kobolds
  6 quokkas
  15 ball pythons
  7 frilled lizards
  28 rats
152 creatures vanquished.

Vanquished Creatures (others)
  A frilled lizard (D:3)
  A butterfly (D:4)
  9 fungi
11 creatures vanquished.

Grand Total: 163 creatures vanquished

Notes
Turn   | Place    | Note
-------+----------+-------------------------------------------
     0 | D:1      | arthad the Gnoll Wanderer began the quest for the Orb.
     0 | D:1      | arthad set off with the following items: a +0 club, a
                  | potion of haste, a +0 robe, a +0 pair of boots; and the
                  | following spells available to memorise: Freeze, Ozocubu's
                  | Armour, Slow, Summon Small Mammal, Hailstorm, Vhi's
                  | Electric Charge.
     0 | D:1      | Reached XP level 1. HP: 17/17 MP: 6/6
     2 | D:1      | Learned a level 1 spell: Freeze
     4 | D:1      | Learned a level 1 spell: Slow
     6 | D:1      | Learned a level 1 spell: Summon Small Mammal
    35 | D:1      | Found a faded altar of an unknown god.
   247 | D:1      | Reached XP level 2. HP: 23/23 MP: 5/7
   961 | D:2      | Reached skill level 5 in Spellcasting
   961 | D:2      | Reached XP level 3. HP: 28/28 MP: 6/9
   965 | D:2      | Learned a level 3 spell: Ozocubu's Armour
   969 | D:2      | Learned a level 3 spell: Hailstorm
   973 | D:2      | Learned a level 3 spell: Vhi's Electric Charge
  1130 | D:2      | Reached skill level 1 in Invocations
  1440 | D:2      | Reached skill level 1 in Short Blades
  1440 | D:2      | Reached skill level 1 in Long Blades
  1440 | D:2      | Reached skill level 1 in Axes
  1440 | D:2      | Reached skill level 1 in Maces & Flails
  1440 | D:2      | Reached skill level 1 in Polearms
  1440 | D:2      | Reached skill level 1 in Staves
  1440 | D:2      | Reached skill level 1 in Ranged Weapons
  1440 | D:2      | Reached skill level 1 in Armour
  1440 | D:2      | Reached skill level 1 in Stealth
  1440 | D:2      | Reached skill level 1 in Shields
  1440 | D:2      | Reached skill level 1 in Unarmed Combat
  1440 | D:2      | Reached skill level 1 in Evocations
  1717 | D:2      | Reached XP level 4. HP: 34/34 MP: 8/11
  2168 | D:3      | Reached skill level 1 in Conjurations
  2168 | D:3      | Reached skill level 1 in Hexes
  2168 | D:3      | Reached skill level 1 in Summonings
  2168 | D:3      | Reached skill level 1 in Necromancy
  2168 | D:3      | Reached skill level 1 in Translocations
  2168 | D:3      | Reached skill level 1 in Transmutations
  2168 | D:3      | Reached skill level 1 in Fire Magic
  2168 | D:3      | Reached skill level 1 in Air Magic
  2168 | D:3      | Reached skill level 1 in Earth Magic
  2168 | D:3      | Reached skill level 1 in Poison Magic
  2189 | D:3      | Found a radiant altar of Vehumet.
  2236 | D:3      | Found a glowing drain.
  2320 | Sewer    | Entered a sewer
  2337 | Sewer    | Reached XP level 5. HP: 39/40 MP: 9/12
  2689 | Sewer    | Noticed a malarious merfolk avatar
  2722 | Sewer    | Killed a malarious merfolk avatar
  2723 | Sewer    | Reached XP level 6. HP: 33/47 MP: 4/14
  3210 | D:3      | Reached skill level 5 in Dodging
  3317 | D:3      | Found a blossoming altar of Fedhas.
  3445 | D:3      | Found a sparkling altar of Nemelex Xobeh.
  3582 | D:3      | Found a shimmering altar of Xom.
  3918 | D:3      | Found an ancient bone altar of Kikubaaqudgha.
  4161 | D:4      | Found a staircase to the Ecumenical Temple.
  4189 | Temple   | Entered the Ecumenical Temple
  4514 | D:3      | Became a worshipper of Vehumet
  4704 | D:4      | Found a white marble altar of Elyvilon.
  4714 | D:4      | Learned a level 1 spell: Shock
  5013 | D:5      | Entered Level 5 of the Dungeon
  5072 | D:5      | Noticed Pikel
  5081 | D:5      | Killed Pikel
  5082 | D:5      | Reached XP level 7. HP: 37/54 MP: 3/15
  5082 | D:5      | Reached XP level 8. HP: 42/60 MP: 3/16
  6128 | D:5      | Found a broken altar of Ashenzari.
  6131 | D:5      | Found an opulent altar of Gozag.
  6133 | D:5      | Found a hide-covered altar of Uskayaw.
  6133 | D:5      | Found a glowing golden altar of the Shining One.
  6135 | D:5      | Found a snail-covered altar of Cheibriados.
  6137 | D:5      | Found an ornate altar of the Wu Jian Council.
  6452 | D:6      | Slain by an ice beast

Illustrated notes

Levels and vault maps discovered:
D:1:      dpeg_arrival_pits, layout_basic, ebering_ecumenical_altar_hall
D:2:      minmay_evil_eye, layout_basic, chequers_serial_rivers_large_b
D:3:      layout_loops_corners, fedhas_altar_3, general_overflow_altar,
          amcnicky_altar_gilded, led_xom_imps, nemelex_dance_club_becter,
          portal_sewer_entry_e
D:4:      layout_basic, nicolae_elyvilon_peaceful_grove, temple_green
D:5:      layout_basic, minitemple, uniq_pikel
D:6:      layout_loops_ring, hellmonk_okawaru_the_only_friend_you_need,
          nicolae_dithmenos_shadow_blocks, serial_aquarium,
          aquarium_bridge_square [aquarium_subvault_bridge,
          aquarium_subvault_wall, aquarium_subvault_bridge,
          aquarium_subvault_bridge], aquarium_bridge_straight
          [aquarium_subvault_bridge, aquarium_subvault_window,
          aquarium_subvault_bridge, aquarium_subvault_wall],
          aquarium_window_fake, aquarium_window_corridor_3, aquarium_view_4,
          serial_shops, nicolae_shop_advertising_works
          [nicolae_subvault_shop_adworks], serial_park_tiny_1
Temple:   nicolae_temple_great_sept

Skill      XL: |  1  2  3  4  5  6  7  8 |
---------------+-------------------------+-----
Spellcasting   | 5 6 |  6.1
Invocations    | 1 2 3 |  3.8
Short Blades   | 1 3 |  3.4
Long Blades    | 1 3 |  3.4
Axes           | 1 3 |  3.4
Maces & Flails | 1 3 |  3.4
Polearms       | 1 3 |  3.4
Staves         | 1 3 |  3.4
Ranged Weapons | 1 3 |  3.4
Armour         | 1 3 |  3.4
Stealth        | 1 3 |  3.4
Shields        | 1 3 |  3.4
Unarmed Combat | 1 3 |  3.4
Evocations     | 1 3 |  3.4
Conjurations   | 1 2 |  2.8
Hexes          | 1 2 |  2.8
Summonings     | 1 2 |  2.8
Necromancy     | 1 2 |  2.8
Translocations | 1 2 |  2.8
Transmutations | 1 2 |  2.8
Fire Magic     | 1 2 |  2.8
Air Magic      | 1 2 |  2.8
Earth Magic    | 1 2 |  2.8
Poison Magic   | 1 2 |  2.8
Fighting       | 3 4 |  4.3
Throwing       | 3 4 |  4.3
Dodging        | 5 |  5.8
Ice Magic      | 6 |  6.2

Action                   |  1- 3 |  4- 6 |  7- 9 || total
-------------------------+-------+-------+-------++-------
Melee: Club              |     1 |       |       ||     1
       Mace              |     4 |   125 |       ||   129
       Bite              |       |     8 |     2 ||    10
       Staff             |       |     3 |     8 ||    11
       Punch             |       |     3 |       ||     3
       Whip              |       |       |     7 ||     7
 Cast: Freeze            |    60 |    98 |    37 ||   195
       Summon Small Mamm |     1 |     2 |       ||     3
       Ozocubu's Armour  |       |     1 |       ||     1
       Hailstorm         |       |     5 |       ||     5
       Shock             |       |     1 |    26 ||    27
       Slow              |       |       |     3 ||     3
  Use: Scroll            |       |     5 |       ||     5
       Potion            |       |     4 |     2 ||     6
 Stab: Sleeping          |       |     2 |       ||     2
Armor: Robe              |     9 |    81 |    11 ||   101
Dodge: Dodged            |    37 |   182 |    35 ||   254

Table legend: (Time is in decaauts)
 A = Elapsed time spent in this place.
 B = Non-inter-level travel time spent in this place.
 C = Inter-level travel time spent in this place.
 D = Time resting spent in this place.
 E = Time spent auto-exploring this place.
 F = Levels seen in this place.
 G = Mean time per level.
                   A        B        C        D        E       F      G
               +--------+--------+--------+--------+--------+-----+--------+
         Total |   6545 |   6251 |    294 |    334 |   4793 |   8 |  818.1 |
       Dungeon |   5814 |   5553 |    261 |    258 |   4450 |   6 |  969.0 |
        Temple |    208 |    175 |     33 |      0 |    161 |   1 |  208.0 |
         Sewer |    522 |    522 |      0 |     76 |    182 |   1 |  522.0 |
               +--------+--------+--------+--------+--------+-----+--------+

Top non-repeatable levels by time:
     D:3: 1430 daAuts
     D:5: 1323 daAuts
     D:2: 1249 daAuts
     D:1: 935 daAuts
     D:4: 780 daAuts
   Sewer: 522 daAuts
  Temple: 208 daAuts
     D:6: 94 daAuts
